% Time on Ice - OAKLAND GORILLAS
Lines # - Real PCT - Wanted PCT - Time Play
Normal Forward
1 - 34% - 34% - 17:04
2 - 32% - 34% - 16:02
3 - 31% - 32% - 15:26
4 - 2% - 0% - 0:59
Normal Defense
1 - 35% - 36% - 17:29
2 - 37% - 36% - 18:18
3 - 28% - 28% - 13:44
4 - 0% - 0% - 0:00
PP Forward
1 - 55% - 55% - 4:39
2 - 45% - 45% - 3:51
PP Defense
1 - 48% - 60% - 4:04
2 - 52% - 40% - 4:26
PK Forward
1 - 73% - 55% - 1:09
2 - 27% - 45% - 0:26
PK Defense
1 - 47% - 55% - 0:45
2 - 53% - 45% - 0:50
PK3 Forward
1 - 0% - 55%
2 - 0% - 45%
PK3 Defense
1 - 0% - 55%
2 - 0% - 45%
44 Forward
1 - 100% - 55% - 0:24
2 - 0% - 45% - 0:00
44 Defense
1 - 100% - 55% - 0:24
2 - 0% - 45% - 0:00
Last Minute Offensive  - 0:00
Last Minute Defensive  - 0:00
Total
Forward - 60:00
Defense - 60:00
% Time on Ice - UTAH ICE BEARS
Lines # - Real PCT - Wanted PCT - Time Play
Normal Forward
1 - 37% - 37% - 18:07
2 - 35% - 34% - 17:10
3 - 24% - 24% - 12:04
4 - 4% - 5% - 2:10
Normal Defense
1 - 35% - 35% - 17:23
2 - 35% - 35% - 17:09
3 - 23% - 23% - 11:35
4 - 7% - 7% - 3:24
PP Forward
1 - 54% - 65% - 0:51
2 - 46% - 35% - 0:44
PP Defense
1 - 54% - 65% - 0:51
2 - 46% - 35% - 0:44
PK Forward
1 - 74% - 60% - 6:16
2 - 26% - 40% - 2:14
PK Defense
1 - 41% - 60% - 3:30
2 - 59% - 40% - 5:00
PK3 Forward
1 - 0% - 55%
2 - 0% - 45%
PK3 Defense
1 - 0% - 55%
2 - 0% - 45%
44 Forward
1 - 100% - 55% - 0:24
2 - 0% - 45% - 0:00
44 Defense
1 - 100% - 55% - 0:24
2 - 0% - 45% - 0:00
Last Minute Offensive  - 0:00
Last Minute Defensive  - 0:00
Total
Forward - 60:00
Defense - 60:00
Play-by-Play 1st period 0:01 of 1st period - Patrik Laine wins face-off versus Matthew Tkachuk in neutral zone. 1:15 of 1st period - Shot by Alexander Barabanov. 1:15 of 1st period - Shot Misses the Net. 1:17 of 1st period - Shot by Alexander Barabanov. 1:17 of 1st period - Stopped by Alexandar Georgiev without a rebound. 1:18 of 1st period - Patrice Bergeron wins face-off versus Morgan Frost in OAKLAND GORILLAS zone. 1:56 of 1st period - Martin Fehervary is hit by Morgan Frost and loses puck. 2:05 of 1st period - Colton Sissons is hit by Matias Maccelli and loses puck. 2:52 of 1st period - Alexander Barabanov is hit by Hampus Lindholm and loses puck. 4:23 of 1st period - Shot by Patrice Bergeron. 4:23 of 1st period - Stopped by Thatcher Demko without a rebound. 4:24 of 1st period - Blake Lizotte wins face-off versus Marcus Foligno in UTAH ICE BEARS zone. 4:24 of 1st period - Andrew Mangiapane is hit by Marcus Foligno and loses puck. 4:36 of 1st period - Minor Penalty to Blake Lizotte for Tripping. 4:37 of 1st period - Logan Couture wins face-off versus Kyle Okposo in UTAH ICE BEARS zone. 5:37 of 1st period - Shot by Brock Nelson. 5:37 of 1st period - Stopped by Thatcher Demko without a rebound. 5:38 of 1st period - Evgeni Malkin wins face-off versus Aleksander Barkov in UTAH ICE BEARS zone. 8:19 of 1st period - Icing by Alexander Ovechkin. 8:20 of 1st period - Logan Couture wins face-off versus Evgeni Malkin in UTAH ICE BEARS zone. 8:29 of 1st period - Shot by Logan Couture. 8:29 of 1st period - Shot Misses the Net. 8:45 of 1st period - Shot by Brock Boeser. 8:45 of 1st period - Stopped by Thatcher Demko without a rebound. 8:46 of 1st period - Aleksander Barkov wins face-off versus Morgan Frost in UTAH ICE BEARS zone. 8:55 of 1st period - Shot by Jordan Kyrou. 8:55 of 1st period - Shot Misses the Net. 9:11 of 1st period - Shot by Lucas Raymond. 9:11 of 1st period - Deflect By Matias Maccelli. 9:11 of 1st period - Stopped by Alexandar Georgiev with a rebound. 9:15 of 1st period - Shot by Lucas Raymond. 9:15 of 1st period - Shot Misses the Net. 9:17 of 1st period - Shot by Lucas Raymond. 9:17 of 1st period - Stopped by Alexandar Georgiev without a rebound. 9:18 of 1st period - Brock Nelson wins face-off versus Matthew Beniers in OAKLAND GORILLAS zone. 9:27 of 1st period - Shot by Brock Nelson. 9:27 of 1st period - Stopped by Thatcher Demko with a rebound. 9:29 of 1st period - Shot by Logan Couture. 9:29 of 1st period - Shot Misses the Net. 9:36 of 1st period - Icing by Andrew Peeke. 9:37 of 1st period - Matthew Beniers wins face-off versus Aleksander Barkov in UTAH ICE BEARS zone. 9:37 of 1st period - Matthew Beniers is hit by Aleksander Barkov. 9:46 of 1st period - Icing by Zachary Werenski. 9:47 of 1st period - Evgeni Malkin wins face-off versus Aleksander Barkov in OAKLAND GORILLAS zone. 10:34 of 1st period - Shot by Evgeni Malkin. 10:34 of 1st period - Shot Blocked by Zachary Werenski. 10:58 of 1st period - Icing by Shayne Gostisbehere. 10:59 of 1st period - Matthew Beniers wins face-off versus Logan Couture in OAKLAND GORILLAS zone. 10:59 of 1st period - Matthew Beniers is hit by Martin Fehervary. 11:06 of 1st period - Minor Penalty to Matthew Beniers for Hooking. 11:07 of 1st period - Patrik Laine wins face-off versus Morgan Frost in UTAH ICE BEARS zone. 11:10 of 1st period - Shot by Zachary Werenski. 11:10 of 1st period - Stopped by Thatcher Demko without a rebound. 11:11 of 1st period - Logan Couture wins face-off versus Morgan Frost in UTAH ICE BEARS zone. 12:26 of 1st period - Shot by Brock Nelson. 12:26 of 1st period - Goal by Brock Nelson - OAKLAND GORILLAS : 1 - UTAH ICE BEARS : 0. 12:27 of 1st period - Evgeni Malkin wins face-off versus Patrice Bergeron in neutral zone. 12:33 of 1st period - Off-side. 12:34 of 1st period - Evgeni Malkin wins face-off versus Patrice Bergeron in neutral zone. 12:45 of 1st period - Shot by Evgeni Malkin. 12:45 of 1st period - Goal by Evgeni Malkin - OAKLAND GORILLAS : 1 - UTAH ICE BEARS : 1. 12:46 of 1st period - Logan Couture wins face-off versus Matthew Beniers in neutral zone. 12:55 of 1st period - Shot by Brock Boeser. 12:55 of 1st period - Stopped by Thatcher Demko without a rebound. 12:56 of 1st period - Evgeni Malkin wins face-off versus Logan Couture in UTAH ICE BEARS zone. 14:03 of 1st period - Shot by Colton Sissons. 14:03 of 1st period - Shot Misses the Net. 14:11 of 1st period - Shot by Shayne Gostisbehere. 14:11 of 1st period - Stopped by Thatcher Demko without a rebound. 14:12 of 1st period - Matthew Beniers wins face-off versus Jordan Kyrou in UTAH ICE BEARS zone. 14:14 of 1st period - Icing by Alexander Barabanov. 14:15 of 1st period - Aleksander Barkov wins face-off versus Matthew Beniers in UTAH ICE BEARS zone. 14:28 of 1st period - Shot by Casey Mittelstadt. 14:28 of 1st period - Stopped by Alexandar Georgiev with a rebound. 14:30 of 1st period - Shot by MacKenzie Weegar. 14:30 of 1st period - Shot Blocked by Patrik Laine. 15:29 of 1st period - Shot by Morgan Frost. 15:29 of 1st period - Stopped by Alexandar Georgiev without a rebound. 15:30 of 1st period - Evgeni Malkin wins face-off versus Logan Couture in OAKLAND GORILLAS zone. 15:30 of 1st period - Evgeni Malkin is hit by Martin Fehervary. 15:52 of 1st period - Shot by Matthew Tkachuk. 15:52 of 1st period - Shot Misses the Net. 16:01 of 1st period - Icing by Andrew Peeke. 16:02 of 1st period - Patrice Bergeron wins face-off versus Evgeni Malkin in UTAH ICE BEARS zone. 16:11 of 1st period - Shot by Patrice Bergeron. 16:11 of 1st period - Stopped by Thatcher Demko without a rebound. 16:12 of 1st period - Morgan Frost wins face-off versus Patrice Bergeron in UTAH ICE BEARS zone. 16:12 of 1st period - Lucas Raymond is hit by Marcus Foligno and loses puck. 16:28 of 1st period - Icing by Bowen Byram. 16:29 of 1st period - Logan Couture wins face-off versus Morgan Frost in UTAH ICE BEARS zone. 16:32 of 1st period - Shot by Brock Nelson. 16:32 of 1st period - Stopped by Thatcher Demko without a rebound. 16:33 of 1st period - Matthew Beniers wins face-off versus Logan Couture in UTAH ICE BEARS zone. 16:47 of 1st period - Matthew Beniers is hit by Martin Fehervary and loses puck. 17:00 of 1st period - Shot by Logan Couture. 17:00 of 1st period - Stopped by Thatcher Demko with a rebound. 17:15 of 1st period - Shot by Logan Couture. 17:15 of 1st period - Shot Misses the Net. 17:17 of 1st period - Shot by Logan Couture. 17:17 of 1st period - Shot Misses the Net. 17:19 of 1st period - Shot by Martin Fehervary. 17:19 of 1st period - Stopped by Thatcher Demko without a rebound. 17:20 of 1st period - Morgan Frost wins face-off versus Patrice Bergeron in UTAH ICE BEARS zone. 17:27 of 1st period - Shot by Patrice Bergeron. 17:27 of 1st period - Stopped by Thatcher Demko without a rebound. 17:28 of 1st period - Patrice Bergeron wins face-off versus Morgan Frost in UTAH ICE BEARS zone. 17:35 of 1st period - Shot by Colton Sissons. 17:35 of 1st period - Shot Misses the Net. 17:39 of 1st period - Shot by Marcus Foligno. 17:39 of 1st period - Shot Blocked by Artem Zub. 17:41 of 1st period - Shot by Marcus Foligno. 17:41 of 1st period - Shot Misses the Net. 17:55 of 1st period - Icing by Artem Zub. 17:56 of 1st period - Logan Couture wins face-off versus Morgan Frost in UTAH ICE BEARS zone. 18:15 of 1st period - Shot by Matias Maccelli. 18:15 of 1st period - Stopped by Alexandar Georgiev without a rebound. 18:16 of 1st period - Evgeni Malkin wins face-off versus Aleksander Barkov in OAKLAND GORILLAS zone. 18:23 of 1st period - Shot by Alexander Ovechkin. 18:23 of 1st period - Stopped by Alexandar Georgiev without a rebound. 18:24 of 1st period - Evgeni Malkin wins face-off versus Patrice Bergeron in OAKLAND GORILLAS zone. 18:25 of 1st period - Shot by Matthew Tkachuk. 18:25 of 1st period - Shot Misses the Net. 18:34 of 1st period - Icing by Zachary Werenski. 18:35 of 1st period - Patrice Bergeron wins face-off versus Matthew Beniers in OAKLAND GORILLAS zone. 18:35 of 1st period - Patrice Bergeron is hit by Alexander Barabanov. 18:41 of 1st period - Shot by Marcus Foligno. 18:41 of 1st period - Stopped by Thatcher Demko without a rebound. 18:42 of 1st period - Evgeni Malkin wins face-off versus Aleksander Barkov in UTAH ICE BEARS zone. 18:51 of 1st period - Shot by Evgeni Malkin. 18:51 of 1st period - Shot Misses the Net. 18:53 of 1st period - Shot by Bowen Byram. 18:53 of 1st period - Shot Misses the Net. 18:59 of 1st period - Shot by Alexander Ovechkin. 18:59 of 1st period - Shot Misses the Net. 19:21 of 1st period - Shot by Alexander Ovechkin. 19:21 of 1st period - Stopped by Alexandar Georgiev without a rebound. 19:22 of 1st period - Logan Couture wins face-off versus Matthew Beniers in OAKLAND GORILLAS zone. Goals for this period are 1 for OAKLAND GORILLAS vs 1 for UTAH ICE BEARS. Shots for this period are 14 for OAKLAND GORILLAS vs 9 for UTAH ICE BEARS. 2nd period 0:01 of 2nd period - Patrice Bergeron wins face-off versus Evgeni Malkin in neutral zone. 0:27 of 2nd period - Shot by Matthew Tkachuk. 0:27 of 2nd period - Stopped by Alexandar Georgiev without a rebound. 0:28 of 2nd period - Aleksander Barkov wins face-off versus Morgan Frost in OAKLAND GORILLAS zone. 3:09 of 2nd period - Shot by Evgeni Malkin. 3:09 of 2nd period - Stopped by Alexandar Georgiev without a rebound. 3:10 of 2nd period - Blake Lizotte wins face-off versus Aleksander Barkov in OAKLAND GORILLAS zone. 3:13 of 2nd period - Shot by Andrew Mangiapane. 3:13 of 2nd period - Deflect By Blake Lizotte. 3:13 of 2nd period - Stopped by Alexandar Georgiev without a rebound. 3:14 of 2nd period - Aleksander Barkov wins face-off versus Blake Lizotte in OAKLAND GORILLAS zone. 3:29 of 2nd period - Shot by Patrik Laine. 3:29 of 2nd period - Shot Misses the Net. 3:31 of 2nd period - Shot by Jared Spurgeon. 3:31 of 2nd period - Shot Blocked by MacKenzie Weegar. 3:33 of 2nd period - Shot by Jared Spurgeon. 3:33 of 2nd period - Shot Misses the Net. 3:43 of 2nd period - Shot by Patrik Laine. 3:43 of 2nd period - Shot Misses the Net. 3:45 of 2nd period - Shot by Zachary Werenski. 3:45 of 2nd period - Stopped by Thatcher Demko without a rebound. 3:46 of 2nd period - Patrice Bergeron wins face-off versus Matthew Beniers in UTAH ICE BEARS zone. 3:57 of 2nd period - Shot by Casey Mittelstadt. 3:57 of 2nd period - Stopped by Alexandar Georgiev with a rebound. 4:04 of 2nd period - Alexander Barabanov is hit by Hampus Lindholm and loses puck. 4:16 of 2nd period - Matthew Beniers is hit by Hampus Lindholm and loses puck. 4:55 of 2nd period - Shot by Brock Nelson. 4:55 of 2nd period - Shot Misses the Net. 4:59 of 2nd period - Shot by Logan Couture. 4:59 of 2nd period - Goal by Logan Couture - OAKLAND GORILLAS : 2 - UTAH ICE BEARS : 1. 5:00 of 2nd period - Aleksander Barkov wins face-off versus Morgan Frost in neutral zone. 5:05 of 2nd period - Shot by Aleksander Barkov. 5:05 of 2nd period - Shot Blocked by MacKenzie Weegar. 5:18 of 2nd period - Shot by Lucas Raymond. 5:18 of 2nd period - Stopped by Alexandar Georgiev without a rebound. 5:19 of 2nd period - Logan Couture wins face-off versus Evgeni Malkin in OAKLAND GORILLAS zone. 5:31 of 2nd period - Logan Couture is hit by Andrew Peeke and loses puck. 5:46 of 2nd period - Shot by Logan Couture. 5:46 of 2nd period - Stopped by Thatcher Demko with a rebound. 5:48 of 2nd period - Shot by Zachary Werenski. 5:48 of 2nd period - Shot Misses the N